[Event "Titled Tuesday Blitz October 11 Late 2022"]
[White "Rosen, Eric"]
[Black "Remolar Gallen, Jose"]
[WhiteFideId "2032562"]
[BlackFideId "2215187"]
[WhiteElo "2362"]
[BlackElo "2214"]
[Result "1-0"]
[Round "09"]
[TimeControl "180+1"]
[Date "2022.10.12"]
[WhiteClock "0:00:52"]
[BlackClock "0:00:36"]

1. d4 g6 2. e4 Bg7 3. Nf3 d6 4. Bc4 Nf6 5. Qe2 O-O 6. e5 dxe5 7. dxe5 Nd5 8. h3 c6 9. O-O h6 10. Rd1 Be6 11. Bb3 Qc7 12. c4 Nb6 13. Bf4 N8d7 14. Nbd2 Nc5 15. Bc2 a5 16. Qe3 Ncd7 17. Bxh6 Nxe5 18. Bf4 Nxf3+ 19. Nxf3 Nxc4 20. Bxc7 Nxe3 21. fxe3 Bxb2 22. Rab1 Bf6 23. Rxb7 Bxa2 24. Be5 a4 25. Ra1 Bd5 26. e4 Bb3 27. Bxb3 axb3 28. Rxa8 Rxa8 29. Bxf6 exf6 30. Rxb3 Ra4 31. Re3 c5 32. Kf2 Kf8 33. Nd2 Ke7 34. Rc3 Kd6 35. Ke3 Ra1 36. Nb3 Re1+ 37. Kf3 Rf1+ 38. Ke2 Rg1 39. Kf2 Rb1 40. Nxc5 Ke5 41. Nd7+ Kd4 42. Rf3 Rb2+ 43. Kg1 1-0


[Site "https://www.chess.com"]

[Event "Titled Tuesday Blitz October 11 Late 2022"]
[White "Rosenberg, Evan S"]
[Black "Banzea, Alexandru-Bogdan"]
[WhiteFideId "2019299"]
[BlackFideId "1232622"]
[WhiteElo "2352"]
[BlackElo "2294"]
[Result "0-1"]
[Round "09"]
[TimeControl "180+1"]
[Date "2022.10.12"]
[WhiteClock "0:00:02"]
[BlackClock "0:00:10"]

1. e4 e6 2. d4 d5 3. e5 c5 4. c3 Qb6 5. Nf3 Bd7 6. a4 cxd4 7. cxd4 Nc6 8. Nc3 Nge7 9. Be2 Nf5 10. O-O Nfxd4 11. Nxd4 Qxd4 12. Qb3 Qb4 13. Qa2 Be7 14. f4 O-O 15. Kh1 Nd4 16. Bd1 Qc4 17. Qxc4 dxc4 18. Be3 Nf5 19. Bg1 Bc6 20. Rc1 Nh4 21. Bf3 Nxf3 22. gxf3 Rfd8 23. Ne4 f5 24. exf6 gxf6 25. Rxc4 Rd3 26. Kg2 Kf7 27. Bc5 f5 28. Ng5+ Bxg5 29. fxg5 Rg8 30. h4 h6 31. Rd4 Rxd4 32. Bxd4 hxg5 33. hxg5 Rxg5+ 34. Kf2 Rh5 35. Ke3 a6 36. b3 Rh3 37. Be5 Bd5 38. b4 Rh4 39. f4 Rh3+ 40. Kd4 Ra3 41. a5 Ra2 42. Kc5 Rc2+ 43. Kb6 Rc4 44. Bd6 Rc6+ 45. Ka7 Rxd6 46. Rh1 Bxh1 0-1


[Site "https://www.chess.com"]

[Event "Titled Tuesday Blitz October 11 Late 2022"]
[White "Sabar, Ethmane Daouda"]
[Black "Jorquera, Marcelo"]
[WhiteFideId "19600097"]
[BlackFideId "3401197"]
[WhiteElo "1950"]
[BlackElo "2136"]
[Result "0-1"]
[Round "09"]
[TimeControl "180+1"]
[Date "2022.10.12"]
[WhiteClock "0:00:02"]
[BlackClock "0:00:47"]

1. Nf3 Nf6 2. g3 g6 3. Bg2 Bg7 4. d3 O-O 5. Nbd2 d6 6. O-O c5 7. e4 Nc6 8. Re1 Rb8 9. a4 a6 10. c3 b5 11. axb5 axb5 12. h3 b4 13. d4 Ne8 14. Nb3 bxc3 15. bxc3 cxd4 16. Nbxd4 Bd7 17. Bd2 Nc7 18. Kh2 Nb5 19. Bf1 Nbxd4 20. cxd4 Nxd4 21. Nxd4 Bxd4 22. Ba5 Bb6 23. Bc3 f6 24. Bc4+ Kg7 25. Qe2 Qc7 26. Rec1 Qc5 27. Be1 Rfc8 28. Kg2 Qh5 0-1


[Site "https://www.chess.com"]

[Event "Titled Tuesday Blitz October 11 Late 2022"]
[White "Salman, Pavel"]
[Black "Petrova, Irina"]
[WhiteFideId "24153753"]
[BlackFideId "14124122"]
[WhiteElo "2187"]
[BlackElo "2023"]
[Result "1-0"]
[Round "09"]
[TimeControl "180+1"]
[Date "2022.10.12"]
[WhiteClock "0:00:19"]
[BlackClock "0:00:04"]

1. Nf3 d6 2. d4 g6 3. c4 Bg7 4. Nc3 Nc6 5. h4 h5 6. Bg5 Bg4 7. d5 Bxf3 8. gxf3 Ne5 9. Bh3 Nf6 10. Qa4+ Ned7 11. Bxf6 Bxf6 12. Ne4 Bg7 13. f4 f5 14. Ng5 O-O 15. Ne6 Qc8 16. Nxf8 Nxf8 17. Rg1 Bxb2 18. Rb1 Bc3+ 19. Kf1 Bg7 20. e4 e6 21. Rb3 c6 22. dxc6 bxc6 23. exf5 exf5 24. Bg2 Rb8 25. Qxc6 Qd8 26. Bd5+ Kh7 27. Rg5 Rxb3 28. axb3 Qe7 29. Qb7 Qf6 30. Qxa7 Qc3 31. Qe3 Qa1+ 32. Kg2 Bf6 33. b4 Bxg5 34. hxg5 Qg7 35. b5 Nd7 36. b6 Nc5 37. Qe8 h4 38. Qf7 Qxf7 39. Bxf7 Kg7 40. Bd5 Kf8 41. b7 Na6 42. Kh3 Ke8 43. Kxh4 Kd8 44. Bf7 Kc7 45. Bxg6 Nc5 46. Bxf5 Nxb7 47. g6 1-0


[Site "https://www.chess.com"]

[Event "Titled Tuesday Blitz October 11 Late 2022"]
[White "Sanal, Vahap"]
[Black "Vazquez, Guillermo"]
[WhiteFideId "6300545"]
[BlackFideId "3702308"]
[WhiteElo "2574"]
[BlackElo "2543"]
[Result "1-0"]
[Round "09"]
[TimeControl "180+1"]
[Date "2022.10.11"]
[WhiteClock "0:01:43"]
[BlackClock "0:00:04"]

1. Nf3 d5 2. b3 Bf5 3. Bb2 e6 4. g3 Nf6 5. Bg2 h6 6. O-O Be7 7. d3 O-O 8. Nbd2 Bh7 9. Re1 a5 10. a4 c6 11. e4 Nbd7 12. Qe2 Rc8 13. Rad1 Qb6 14. Bh3 Bb4 15. Kh1 Rfd8 16. e5 Ne8 17. g4 c5 18. g5 h5 19. c3 c4 20. d4 Be7 21. Nh4 cxb3 22. Qxh5 Nf8 23. Rg1 Ng6 24. Nxg6 Bxg6 25. Qh4 Bf5 26. Rg3 Bc2 27. Bg4 1-0


[Site "https://www.chess.com"]

[Event "Titled Tuesday Blitz October 11 Late 2022"]
[White "Sanchez Alvares, Kelvin Antonio"]
[Black "Elias, Thabo"]
[WhiteFideId "3906680"]
[BlackFideId "11312610"]
[WhiteElo "2217"]
[BlackElo "1689"]
[Result "1-0"]
[Round "09"]
[TimeControl "180+1"]
[Date "2022.10.12"]
[WhiteClock "0:01:23"]
[BlackClock "0:00:24"]

1. e4 g6 2. Nf3 Bg7 3. Bc4 d6 4. d3 Nf6 5. O-O O-O 6. e5 Ng4 7. e6 Bxe6 8. Bxe6 fxe6 9. Ng5 Nxf2 10. Rxf2 Rxf2 11. Kxf2 Bd4+ 12. Kf1 Qf8+ 13. Nf3 Nc6 14. c3 Bg7 15. Qe2 Qf5 16. Qe4 Qxe4 17. dxe4 Rf8 18. Ke2 h6 19. Nbd2 g5 20. h3 d5 21. a4 Ne5 22. Nxe5 Bxe5 23. Nf3 Bg3 24. Kd3 c5 25. c4 Rd8 26. Be3 d4 27. Bd2 Kg7 28. b4 b6 29. a5 Kg6 30. bxc5 bxc5 31. Rb1 Rb8 32. Rxb8 Bxb8 33. a6 Kf7 34. Bc1 Ke8 35. Ba3 Bd6 36. e5 Bxe5 37. Nxe5 1-0


[Site "https://www.chess.com"]

[Event "Titled Tuesday Blitz October 11 Late 2022"]
[White "Sargsyan, Anna M."]
[Black "Vega Gutierrez, Sabrina"]
[WhiteFideId "13308130"]
[BlackFideId "2219026"]
[WhiteElo "2284"]
[BlackElo "2261"]
[Result "1-0"]
[Round "09"]
[TimeControl "180+1"]
[Date "2022.10.12"]
[WhiteClock "0:00:03"]
[BlackClock "0:00:01"]

1. d4 d5 2. c4 e6 3. Nf3 c6 4. Nc3 dxc4 5. a4 Bb4 6. Ne5 b5 7. e3 Nf6 8. Bd2 a5 9. axb5 Bxc3 10. bxc3 cxb5 11. Rb1 Bd7 12. Qf3 Ra6 13. Qb7 O-O 14. Be2 Rb6 15. Qa7 a4 16. Nxc4 Ra6 17. Qc5 bxc4 18. Bxc4 Ra5 19. Qa3 Ne4 20. Bc1 Qh4 21. g3 Qh3 22. Bd3 Qg2 23. Rf1 Rc8 24. c4 Rf5 25. f4 Rh5 26. Rb2 Qh3 27. Bxe4 Nc6 28. c5 Ne7 29. Bf3 Rh6 30. Rb7 Bc6 31. Rxe7 Bxf3 32. Rxf3 Qxh2 33. Qb2 Qg1+ 34. Rf1 Qxg3+ 35. Qf2 Qg6 36. f5 Qf6 37. Ra7 exf5 38. Qxf5 Qh4+ 39. Qf2 Rf6 40. Qxh4 1-0


[Site "https://www.chess.com"]

[Event "Titled Tuesday Blitz October 11 Late 2022"]
[White "Shandrygin, Nikita"]
[Black "Gonzalez, Francisco Silva"]
[WhiteFideId "24198668"]
[BlackFideId "1512285"]
[WhiteElo "2323"]
[BlackElo "2159"]
[Result "0-1"]
[Round "09"]
[TimeControl "180+1"]
[Date "2022.10.12"]
[WhiteClock "0:00:02"]
[BlackClock "0:00:43"]

1. e4 e5 2. Nf3 Nc6 3. Bb5 a6 4. Ba4 Nf6 5. Qe2 b5 6. Bb3 Bc5 7. c3 d6 8. O-O Bg4 9. h3 Bd7 10. Rd1 Rb8 11. d4 Bb6 12. Bg5 h6 13. Bh4 g5 14. Bg3 g4 15. Nh4 exd4 16. Nf5 dxc3 17. e5 Bxf5 18. exf6+ Kf8 19. Nxc3 Nd4 20. Qe7+ Qxe7 21. fxe7+ Kxe7 22. Nd5+ Kd8 23. Bh4+ Ke8 24. Re1+ Kf8 25. hxg4 Nxb3 26. axb3 Be6 27. Be7+ Ke8 28. Bh4 Kd7 29. Nf6+ Kc6 30. Rxa6 Bxb3 31. Rc1+ Kb7 32. Ra3 Be6 33. Kh2 b4 34. Rd3 Ra8 35. f3 Ra2 36. Rc2 b3 37. Rcd2 Ba5 38. Rf2 Bc4 39. Rd1 Bb6 40. Rfd2 Be3 41. Bf2 Bg5 42. Bd4 Rha8 43. Rf2 c5 44. Bc3 Kc6 45. Ne4 Be7 46. Rfd2 d5 47. Nf6 d4 48. Bxd4 cxd4 49. Rxd4 Kb5 50. Ne4 Rxb2 51. Rd7 Re8 52. Rb7+ Kc6 53. Rdd7 Bd8 54. Ra7 Rxe4 55. Rd6+ Kxd6 0-1


[Site "https://www.chess.com"]

[Event "Titled Tuesday Blitz October 11 Late 2022"]
[White "Skatchkov, Valery"]
[Black "Matinian, Nikita"]
[WhiteFideId "24195812"]
[BlackFideId "24129100"]
[WhiteElo "2199"]
[BlackElo "2422"]
[Result "0-1"]
[Round "09"]
[TimeControl "180+1"]
[Date "2022.10.11"]
[WhiteClock "0:00:12"]
[BlackClock "0:00:47"]

1. d4 d6 2. e4 g6 3. Nc3 a6 4. h4 h5 5. Nf3 Bg4 6. Be2 Nc6 7. Be3 Nf6 8. Qd2 Bg7 9. O-O-O O-O 10. d5 Bxf3 11. gxf3 Ne5 12. f4 Neg4 13. Bd4 c5 14. dxc6 bxc6 15. f3 c5 16. Bg1 Nh6 17. f5 Kh7 18. Be3 Rb8 19. Rdg1 Qb6 20. Na4 Qb4 21. Qxb4 Rxb4 22. fxg6+ fxg6 23. b3 Nf7 24. Bxa6 Ne5 25. Be2 Nxe4 26. fxe4 Rxe4 27. Rh3 Rxe3 28. Rxe3 Bh6 29. Rg5 Rf4 30. Nxc5 Rxh4 31. Ne6 Nf7 32. Reg3 Re4 33. Bc4 Rxe6 34. Bxe6 Nxg5 35. Rxg5 Bxg5+ 36. Kd1 Be3 37. a4 g5 38. b4 Kg6 39. a5 Kf6 40. Bd7 e6 41. Be8 h4 42. b5 Ke7 43. Bh5 d5 44. Bg4 Kd6 45. Ke2 Bc5 46. Kd3 e5 47. c4 e4+ 48. Kc2 d4 49. Bf5 d3+ 50. Kd2 Ke5 51. b6 Kxf5 0-1


[Site "https://www.chess.com"]

[Event "Titled Tuesday Blitz October 11 Late 2022"]
[White "Sohal, Tanraj"]
[Black "Bazeev, German"]
[WhiteFideId "2608499"]
[BlackFideId "24119350"]
[WhiteElo "2200"]
[BlackElo "2493"]
[Result "0-1"]
[Round "09"]
[TimeControl "180+1"]
[Date "2022.10.11"]
[WhiteClock "0:00:03"]
[BlackClock "0:00:09"]

1. d4 Nf6 2. Nf3 b6 3. g3 Bb7 4. Bg2 e6 5. O-O g6 6. b3 Bg7 7. Bb2 O-O 8. Nbd2 d6 9. c4 Nbd7 10. Qc2 c5 11. dxc5 Nxc5 12. Rad1 Qe7 13. Nd4 Bxg2 14. Kxg2 Rac8 15. Qb1 d5 16. cxd5 Qb7 17. N2f3 Nxd5 18. Nb5 Bxb2 19. Qxb2 Rfd8 20. Nc3 Ne7 21. Rxd8+ Rxd8 22. Rd1 Rxd1 23. Nxd1 Nf5 24. Qd2 Ne4 25. Qd3 Kg7 26. Nc3 Nc5 27. Qd2 h5 28. h4 f6 29. Qd8 Nh6 30. Nb5 Nf7 31. Qd4 a6 32. Nc3 e5 33. Qd5 Qe7 34. Nd2 b5 35. Nde4 Ne6 36. e3 f5 37. Nd2 Qd6 38. e4 Qxd5 39. Nxd5 Nd6 40. exf5 gxf5 41. Nf3 e4 42. Ne5 Nd4 43. Nc7 a5 44. Nd5 b4 45. Nd7 Kf7 46. Nc5 N6b5 47. Nb7 Nc6 0-1


[Site "https://www.chess.com"]

[Event "Titled Tuesday Blitz October 11 Late 2022"]
[White "Sowul, Bartosz"]
[Black "Souleidis, Georgios"]
[WhiteFideId "1137590"]
[BlackFideId "4206827"]
[WhiteElo "2188"]
[BlackElo "2401"]
[Result "1-0"]
[Round "09"]
[TimeControl "180+1"]
[Date "2022.10.12"]
[WhiteClock "0:00:05"]
[BlackClock "0:00:01"]

1. Nf3 Nf6 2. c4 g6 3. d4 Bg7 4. g3 O-O 5. Bg2 d6 6. Nc3 Nc6 7. O-O e5 8. dxe5 Nxe5 9. b3 c6 10. Bg5 h6 11. Be3 Nfg4 12. Bd2 Qe7 13. Rc1 Re8 14. Re1 Qf8 15. h3 Nxf3+ 16. exf3 Ne5 17. Be3 Bf5 18. Bf1 h5 19. f4 Nd7 20. Bg2 Nf6 21. Bd4 Rxe1+ 22. Qxe1 Nd7 23. Bxg7 Qxg7 24. Rd1 Qf6 25. Qd2 Nf8 26. Ne2 Rd8 27. Qe3 a6 28. Qd4 Kg7 29. Qxf6+ Kxf6 30. Nd4 Bc8 31. Kh2 Ne6 32. Ne2 a5 33. Nc3 Nc5 34. Re1 Bf5 35. Bf3 Nd3 36. Re2 Nc5 37. g4 hxg4 38. hxg4 Bd7 39. Kg3 Re8 40. Re3 Kg7 41. Be2 Kf8 42. Bd1 Ne6 43. Ne4 Ke7 44. f5 gxf5 45. gxf5 Rg8+ 46. Kf3 Nd4+ 47. Kf4 Nxf5 48. Re1 Kd8 49. Nf6 Rg6 50. Nxd7 Nd4 51. Nb6 Kc7 52. Na4 Ne6+ 53. Kf5 Rg5+ 54. Kf6 Rg2 55. Kxf7 Nd8+ 56. Ke8 Rg8+ 57. Ke7 c5 58. Nc3 Nc6+ 59. Kf7 Rg2 60. Re2 Nd4 61. Nd5+ Kb8 62. Re8+ Ka7 63. f4 Rf2 64. Rd8 Rf1 65. Bg4 Rg1 66. Be6 1-0


[Site "https://www.chess.com"]

[Event "Titled Tuesday Blitz October 11 Late 2022"]
[White "Stanisz, Patryk"]
[Black "Garmash, Aliona"]
[WhiteFideId "1123106"]
[BlackFideId "34127620"]
[WhiteElo "2069"]
[BlackElo "1980"]
[Result "1-0"]
[Round "09"]
[TimeControl "180+1"]
[Date "2022.10.12"]
[WhiteClock "0:00:02"]
[BlackClock "0:00:01"]

1. d4 d5 2. c4 c6 3. Nf3 Nf6 4. Nc3 dxc4 5. a4 Bf5 6. e3 e6 7. Bxc4 Bb4 8. O-O O-O 9. h3 Nbd7 10. Qb3 Qb6 11. Na2 Be7 12. Nh4 Be4 13. Nc3 Bd5 14. Qxb6 Nxb6 15. Bd3 a5 16. Re1 Bc4 17. Bc2 Nfd5 18. Nf3 Nb4 19. Bb1 Nd3 20. Bxd3 Bxd3 21. Ne5 Ba6 22. b3 Rad8 23. Ba3 Bxa3 24. Rxa3 f6 25. Nf3 Nd5 26. Ne4 Nb4 27. Rc1 Rfe8 28. Raa1 Be2 29. Nfd2 e5 30. dxe5 Rxe5 31. f4 Re7 32. Kf2 Ba6 33. Rd1 Red7 34. f5 Rd5 35. g4 Nd3+ 36. Kg3 Ne5 37. Re1 Rxd2 38. Nxd2 Rxd2 39. Rad1 Rxd1 40. Rxd1 Kf7 41. e4 Ke7 42. h4 h6 43. Rd2 Bd3 44. Kf4 Bb1 45. g5 hxg5+ 46. hxg5 Nd7 47. gxf6+ gxf6 48. Rh2 Nc5 49. Rh7+ Kf8 50. e5 fxe5+ 51. Kxe5 Nxb3 52. Rxb7 Bc2 53. Kf6 Ke8 54. Rb8+ Kd7 55. Ra8 c5 56. Ke5 c4 57. Ra7+ Kc6 58. Ra6+ Kc5 59. Ra8 1-0


[Site "https://www.chess.com"]

[Event "Titled Tuesday Blitz October 11 Late 2022"]
[White "Storey, Charles H"]
[Black "Rorrer, Grayson"]
[WhiteFideId "406686"]
[BlackFideId "30944996"]
[WhiteElo "2252"]
[BlackElo "2130"]
[Result "0-1"]
[Round "09"]
[TimeControl "180+1"]
[Date "2022.10.12"]
[WhiteClock "0:00:11"]
[BlackClock "0:00:16"]

1. e4 c5 2. Nf3 d6 3. d4 cxd4 4. Nxd4 Nf6 5. f3 e5 6. Nb3 d5 7. Bg5 Be6 8. Bxf6 gxf6 9. exd5 Qxd5 10. Qxd5 Bxd5 11. Nc3 Be6 12. O-O-O Nc6 13. Nd5 Bh6+ 14. Kb1 O-O-O 15. Bc4 Bg7 16. Nc5 b6 17. Nxe6 fxe6 18. Nc3 Rhe8 19. Rxd8+ Kxd8 20. Bb5 Kc7 21. Bxc6 Kxc6 22. Rd1 f5 23. Ne2 Bh6 24. c3 Rg8 25. g3 Be3 26. Kc2 f4 27. c4 h5 28. Kd3 Rd8+ 29. Kc2 Rf8 30. gxf4 Bxf4 31. h3 Be3 32. Rf1 e4 33. f4 Rd8 34. Nc3 Rd4 35. Kb3 Bd2 36. Nb5 Rd3+ 37. Kc2 a6 38. Na3 Bb4 39. Nb1 Rxh3 40. a3 Bd6 41. Re1 e3 42. Nc3 Bxf4 43. Ne4 Rh2+ 44. Kb3 h4 45. Kc3 h3 46. b4 Rg2 47. Rh1 h2 48. Kd3 Rg1 49. Rxh2 Bxh2 50. Ng5 Ra1 51. Nxe6 Rxa3+ 52. Ke2 Kd6 53. Nd4 Bf4 54. Nc2 Ra2 55. Kd3 Rxc2 56. Kxc2 e2 0-1


[Site "https://www.chess.com"]

[Event "Titled Tuesday Blitz October 11 Late 2022"]
[White "Svane, Rasmus"]
[Black "Jobava, Baadur"]
[WhiteFideId "4657101"]
[BlackFideId "13601520"]
[WhiteElo "2674"]
[BlackElo "2582"]
[Result "0-1"]
[Round "09"]
[TimeControl "180+1"]
[Date "2022.10.11"]
[WhiteClock "0:00:07"]
[BlackClock "0:00:15"]

1. Nf3 d5 2. g3 c6 3. Bg2 Bf5 4. O-O e6 5. c4 Nd7 6. cxd5 exd5 7. d3 Ngf6 8. Nc3 Be7 9. Qc2 O-O 10. e4 dxe4 11. dxe4 Bg4 12. Bf4 Qa5 13. Nd4 Ne5 14. Nb3 Qc7 15. f3 Be6 16. Kh1 Nh5 17. Be3 Rad8 18. Nd4 Bc4 19. Rfd1 g6 20. b3 Be6 21. Nxe6 fxe6 22. Qe2 Qa5 23. Rac1 Rxd1+ 24. Nxd1 Rd8 25. Nf2 Nf6 26. f4 Ned7 27. Bh3 Nf8 28. Rc2 Qb4 29. Qc4 Qxc4 30. Rxc4 a6 31. Kg2 Kf7 32. Kf3 N8d7 33. Nd3 Nf8 34. Ne5+ Ke8 35. Ke2 N6d7 36. Nd3 Nf6 37. Bb6 Rc8 38. Nc5 N6d7 39. Nxd7 Nxd7 40. Be3 Kf7 41. Rc2 Rd8 42. Rd2 Nf6 43. Rxd8 Bxd8 44. Kd3 Be7 45. Bg2 Ng4 46. Bg1 h5 47. h3 Nf6 48. Bf3 Bd8 49. Be3 Bc7 50. Bd2 Nd7 51. e5 Nb6 52. Ba5 Na8 53. Bxc7 Nxc7 54. Kc4 Ke7 55. Kc5 Kd7 56. Kb6 Kc8 57. Be4 Nd5+ 58. Kc5 h4 59. gxh4 Nxf4 60. Kd4 Kd7 61. Ke3 Nd5+ 62. Kf3 Ne7 63. Kg4 Ke8 64. h5 gxh5+ 65. Kxh5 Kf7 66. Kg5 Kg7 67. h4 Ng8 68. h5 Nh6 69. Bg6 c5 70. a4 b6 71. Bd3 Nf7+ 72. Kf4 a5 73. Bg6 Nh6 74. Kg5 Ng8 75. Be4 Nh6 76. Bg6 Ng8 77. Kg4 Ne7 78. Be4 Kh6 79. Bf3 Nf5 80. Bd1 Ne3+ 81. Kf3 Nxd1 82. Ke2 Nc3+ 83. Kd3 Nd5 84. Kc4 Kxh5 85. Kb5 Kg5 86. Kc6 Kf5 87. Kd6 Nb4 0-1


[Site "https://www.chess.com"]

[Event "Titled Tuesday Blitz October 11 Late 2022"]
[White "Taboas Rodriguez, Daniel"]
[Black "Nasuta, Grzegorz"]
[WhiteFideId "2208466"]
[BlackFideId "1141686"]
[WhiteElo "2429"]
[BlackElo "2442"]
[Result "1-0"]
[Round "09"]
[TimeControl "180+1"]
[Date "2022.10.11"]
[WhiteClock "0:00:17"]
[BlackClock "0:00:06"]

1. d4 d5 2. c4 e6 3. Nf3 c6 4. Bg5 f6 5. Bf4 dxc4 6. e4 b5 7. Be2 Ne7 8. O-O Ng6 9. Bg3 Bd6 10. e5 fxe5 11. dxe5 Be7 12. Qc2 Nd7 13. Rd1 Bb7 14. Nd4 Ngf8 15. a4 Qb6 16. axb5 cxb5 17. Nc3 a6 18. Ne4 Bd5 19. Nd6+ Bxd6 20. exd6 Nf6 21. Bf3 Bxf3 22. Nxf3 N8d7 23. Ng5 e5 24. Ne6 Kf7 25. Ng5+ Kg8 26. Qf5 Re8 27. Rd2 Qc6 28. Re1 g6 29. Qh3 h6 30. Nf3 c3 31. bxc3 Qxc3 32. Rdd1 Kf7 33. Rc1 Qb2 34. Rc7 Re6 35. Nxe5+ Rxe5 36. Bxe5 Re8 37. Rxd7+ Kg8 38. Qxh6 1-0


[Site "https://www.chess.com"]

[Event "Titled Tuesday Blitz October 11 Late 2022"]
[White "Tan, Ralph"]
[Black "Arnold, Ken"]
[WhiteFideId "30966590"]
[BlackFideId "2056836"]
[WhiteElo "2059"]
[BlackElo "2354"]
[Result "1-0"]
[Round "09"]
[TimeControl "180+1"]
[Date "2022.10.12"]
[WhiteClock "0:00:17"]
[BlackClock "0:00:01"]

1. Nf3 d5 2. g3 Nf6 3. Bg2 c5 4. O-O Nc6 5. d4 Bg4 6. Ne5 Bf5 7. Nxc6 bxc6 8. dxc5 e6 9. c4 Bxc5 10. Qa4 Qd7 11. Nc3 O-O 12. Rd1 Qb7 13. e3 Rfd8 14. a3 Rac8 15. b4 Bf8 16. Bb2 h6 17. Rac1 Nd7 18. c5 g5 19. Ba1 Bg7 20. e4 Bg6 21. exd5 exd5 22. Nxd5 cxd5 23. Bxg7 Kxg7 24. c6 Qc7 25. cxd7 Qxc1 26. dxc8=Q Qxc8 27. Qxa7 Qc3 28. Qb6 Rd7 29. Qd4+ Qxd4 30. Rxd4 Ra7 31. Bxd5 Rxa3 32. b5 Ra1+ 33. Kg2 Rb1 34. Bc6 Kf6 35. h4 Ke5 36. Rd5+ Ke6 37. Rd4 Ke5 38. Ra4 Kd6 39. hxg5 hxg5 40. Rg4 f6 41. Rd4+ Kc5 42. Rd7 Bd3 43. Rf7 Bxb5 44. Bxb5 Rxb5 45. Rxf6 Kd4 46. Re6 Kd5 47. Re2 Kd6 48. Kf3 Rb4 49. Re4 Rb2 50. Re2 Rb4 51. Re3 g4+ 52. Kg2 Kd5 53. Re8 Rc4 54. Re2 Rb4 55. f3 gxf3+ 56. Kxf3 Rb3+ 57. Kf4 Rb1 58. g4 Rf1+ 59. Kg5 1-0


[Site "https://www.chess.com"]

[Event "Titled Tuesday Blitz October 11 Late 2022"]
[White "Tarasova, Viktoriya"]
[Black "Leiva, Gianmarco"]
[WhiteFideId "4175840"]
[BlackFideId "3804399"]
[WhiteElo "2182"]
[BlackElo "2285"]
[Result "1-0"]
[Round "09"]
[TimeControl "180+1"]
[Date "2022.10.12"]
[WhiteClock "0:00:19"]
[BlackClock "0:00:03"]

1. d4 Nf6 2. c4 e6 3. Nc3 Bb4 4. Nf3 O-O 5. Bg5 c5 6. e3 h6 7. Bh4 cxd4 8. exd4 d5 9. cxd5 g5 10. Bg3 exd5 11. Be2 Ne4 12. Rc1 Nc6 13. O-O Re8 14. Bb5 Bg4 15. Bxc6 bxc6 16. h3 Bxf3 17. gxf3 Nxg3 18. fxg3 Bd6 19. Ne2 Rb8 20. b3 Rb7 21. Kg2 Rbe7 22. Rc2 Bb8 23. f4 Qd6 24. Rf3 Re4 25. Qf1 Qe6 26. Nc3 1-0


[Site "https://www.chess.com"]

[Event "Titled Tuesday Blitz October 11 Late 2022"]
[White "Tari, Aryan"]
[Black "Koziorowicz, Michal"]
[WhiteFideId "1510045"]
[BlackFideId "21809194"]
[WhiteElo "2612"]
[BlackElo "2220"]
[Result "1-0"]
[Round "09"]
[TimeControl "180+1"]
[Date "2022.10.11"]
[WhiteClock "0:00:55"]
[BlackClock "0:00:02"]

1. e4 c5 2. Nc3 Nc6 3. f4 g6 4. Nf3 Bg7 5. Bb5 Nd4 6. O-O Nxb5 7. Nxb5 d6 8. d3 Nf6 9. Qe1 O-O 10. f5 a6 11. Nc3 b5 12. Qh4 Bb7 13. Bh6 b4 14. Ne2 c4 15. Kh1 b3 16. axb3 cxd3 17. cxd3 Qb6 18. Nf4 Qxb3 19. Ng5 Rfc8 20. Rae1 Bh8 21. d4 Rc2 22. e5 dxe5 23. dxe5 Nd5 24. fxg6 hxg6 25. Bf8 Nf6 26. exf6 Bxf6 27. Qh7+ Kxf8 28. Nfe6+ Ke8 29. Qxf7+ Kd7 30. Nc5+ Kc7 31. Rxe7+ Bxe7 32. Qxe7+ Kb8 33. Nxb3 1-0


[Site "https://www.chess.com"]

[Event "Titled Tuesday Blitz October 11 Late 2022"]
[White "Tarnowska, Aleksandra"]
[Black "Sibilio, Mario"]
[WhiteFideId "1180967"]
[BlackFideId "800422"]
[WhiteElo "1776"]
[BlackElo "2296"]
[Result "0-1"]
[Round "09"]
[TimeControl "180+1"]
[Date "2022.10.12"]
[WhiteClock "0:00:02"]
[BlackClock "0:00:44"]

1. e4 c5 2. Nf3 Nc6 3. Bb5 b6 4. O-O Bb7 5. c3 a6 6. Ba4 b5 7. Bc2 e6 8. d4 cxd4 9. Nxd4 Nf6 10. Nd2 Bc5 11. N2f3 d5 12. e5 Ne4 13. Re1 O-O 14. Nxc6 Bxc6 15. Nd4 Bb7 16. Qh5 f5 17. Nxe6 Bxf2+ 18. Kh1 Qb6 19. Nxf8 Bxe1 20. Qxh7+ Kxf8 21. Qxf5+ Kg8 22. Bxe4 dxe4 23. Qg4 Rf8 24. h3 Rf1+ 25. Kh2 Qg1# 0-1


[Site "https://www.chess.com"]

[Event "Titled Tuesday Blitz October 11 Late 2022"]
[White "Tayar, Jonathan"]
[Black "Diaz Rosas, Julio Cesar"]
[WhiteFideId "2606534"]
[BlackFideId "5105099"]
[WhiteElo "2406"]
[BlackElo "2246"]
[Result "1/2-1/2"]
[Round "09"]
[TimeControl "180+1"]
[Date "2022.10.11"]
[WhiteClock "0:00:07"]
[BlackClock "0:00:13"]

1. e4 e6 2. d4 d5 3. Nc3 dxe4 4. Nxe4 Nd7 5. Nf3 Ngf6 6. Bg5 Be7 7. Nxf6+ Nxf6 8. Bd3 O-O 9. Qe2 h6 10. Bxf6 Bxf6 11. O-O-O Bd7 12. Qe4 g6 13. h4 Bc6 14. Qf4 Bxf3 15. Qxf3 Bg7 16. Bc4 b5 17. Bb3 a5 18. d5 e5 19. d6 cxd6 20. h5 a4 21. Bd5 Rc8 22. Qd3 Qg5+ 23. Kb1 e4 24. Bxe4 Qf6 25. c3 a3 26. Qxd6 axb2 27. Qxf6 Bxf6 28. hxg6 Rxc3 29. Rxh6 Rfc8 30. gxf7+ Kxf7 31. Rxf6+ Kxf6 32. Kxb2 R3c5 33. g4 Kg5 34. f3 Kf4 35. Rd5 Rxd5 36. Bxd5 Rc5 37. Be4 Ke3 38. Kb3 Kd4 39. Kb4 Re5 40. a3 Ke3 41. Bc6 Kf4 42. Be4 Ke3 43. Bc6 Kf4 44. Bb7 Rg5 45. Bc6 Re5 1/2-1/2


[Site "https://www.chess.com"]

[Event "Titled Tuesday Blitz October 11 Late 2022"]
[White "Thiel, Thomas"]
[Black "Simonovic, Miroslav"]
[WhiteFideId "4615964"]
[BlackFideId "919152"]
[WhiteElo "2287"]
[BlackElo "2043"]
[Result "0-1"]
[Round "09"]
[TimeControl "180+1"]
[Date "2022.10.12"]
[WhiteClock "0:00:03"]
[BlackClock "0:00:18"]

1. e4 c5 2. Nc3 Nc6 3. Bb5 g6 4. Bxc6 dxc6 5. d3 Bg7 6. Be3 b6 7. Qd2 e5 8. h3 h6 9. Nge2 Ne7 10. O-O Be6 11. f4 exf4 12. Nxf4 Qd7 13. Nxe6 Qxe6 14. Qf2 O-O 15. d4 cxd4 16. Bxd4 Bxd4 17. Qxd4 Rad8 18. Qe3 Kg7 19. e5 Nd5 20. Qe1 Rfe8 21. Nxd5 Qxd5 22. Qf2 Rxe5 23. Qf6+ Kg8 24. Rad1 Qc5+ 25. Kh2 Rxd1 26. Rxd1 Rd5 27. Rf1 Qd6+ 28. Qxd6 Rxd6 29. Rf3 f5 30. h4 Kf7 31. h5 Kf6 32. hxg6 Kxg6 33. Rc3 Kg5 34. a3 c5 35. b4 cxb4 36. axb4 Rd4 37. Rb3 Rc4 38. c3 Kg4 39. Ra3 f4 40. Rxa7 Rxc3 0-1


[Site "https://www.chess.com"]

[Event "Titled Tuesday Blitz October 11 Late 2022"]
[White "Timmermans, Mark"]
[Black "Sarana, Alexey"]
[WhiteFideId "1026399"]
[BlackFideId "24133795"]
[WhiteElo "2460"]
[BlackElo "2689"]
[Result "0-1"]
[Round "09"]
[TimeControl "180+1"]
[Date "2022.10.11"]
[WhiteClock "0:01:37"]
[BlackClock "0:02:36"]

1. e4 c5 2. Nf3 d6 3. d4 cxd4 4. Nxd4 Nf6 5. Nc3 a6 6. Be3 e5 7. Nb3 Be6 8. f3 Nbd7 9. Qd2 Be7 10. O-O-O b5 11. g4 b4 12. Nd5 Bxd5 13. exd5 Nb6 14. Qxb4 Nfxd5 15. Bxb6 Nxb6 16. Kb1 O-O 17. Qa5 d5 18. Be2 Qc7 19. h4 Rfc8 20. Rc1 Qb7 21. Ka1 Nc4 22. Bxc4 dxc4 23. Nd2 Bb4 0-1


[Site "https://www.chess.com"]

[Event "Titled Tuesday Blitz October 11 Late 2022"]
[White "Tomaszewski, Kacper"]
[Black "Castella Garcia, Fausto"]
[WhiteFideId "1127373"]
[BlackFideId "3501922"]
[WhiteElo "2211"]
[BlackElo "2246"]
[Result "1-0"]
[Round "09"]
[TimeControl "180+1"]
[Date "2022.10.12"]
[WhiteClock "0:01:11"]
[BlackClock "0:00:05"]

1. d4 Nf6 2. c4 e5 3. Nc3 exd4 4. Qxd4 Nc6 5. Qd1 Bb4 6. Bd2 d5 7. cxd5 Nxd5 8. e3 Nxc3 9. Bxc3 Bxc3+ 10. bxc3 Qf6 11. Rc1 Be6 12. Qa4 O-O-O 13. Nf3 Rhe8 14. Be2 Kb8 15. O-O Ne5 16. Nd4 Bc8 17. Rb1 c5 18. Nf3 Nxf3+ 19. Bxf3 g5 20. Rb5 Qxc3 21. Rfb1 Re7 22. h4 h6 23. Qa6 Qe5 1-0


[Site "https://www.chess.com"]